 Dungeon Crawl Stone Soup version 0.31-a0-765-g67fe293 (webtiles) character file.

Game seed: 4164797416476246512

59388 BarneyGumball the Fighter (level 14, -1/116 HPs)
             Began as a Gnoll Wanderer on Sept 15, 2023.
             Was the Champion of Cheibriados.
             Killed from afar by a merfolk aquamancer (18 damage)
             ... with a shard of ice
             ... on level 13 of the Dungeon.
             The game lasted 01:40:22 (23977 turns).

BarneyGumball the Fighter (Gnoll Wanderer)         Turns: 23977, Time: 01:40:22

Health: -1/116     AC: 23    Str: 32    XL:     14   Next: 94%
Magic:  0/27       EV: 20    Int: 27    God:    Cheibriados [******]
Gold:   870        SH: 14    Dex: 28    Spells: 8/32 levels left

rFire   . . .        a - +4 war axe (vamp)
rCold   . . .        O - +0 kite shield
rNeg    + + +        h - +0 swamp dragon scales
rPois   +            v - +2 hat
rElec   +            A - +1 cloak of the Hippogriff {+Inv rElec rN+++ Str-4}
rCorr   .            R - +2 pair of gloves
SInv    .            N - +0 pair of boots
Will    +....        u - amulet of guardian spirit
Stlth   +++++        f - +4 ring of protection
HPRegen 0.39/turn    K - +6 ring of strength
MPRegen 0.20/turn

%: guardian spirit
@: very slow
A: fangs 1, strong nose, distributed training
a: Renounce Religion, Evoke Invisibility, Bend Time, Temporal Distortion,
Slouch, Step From Time


You were on level 13 of the Dungeon.
You worshipped Cheibriados.
Cheibriados was exalted by your worship.
You visited 3 branches of the dungeon, and saw 19 of its levels.
You also visited: Sewer and Ice Cave.

You collected 1318 gold pieces.
You spent 448 gold pieces at shops.

Inventory:

Hand Weapons
 a - a +4 vampiric war axe (weapon)
 b - a +1 sling
 d - the +4 spear of Kashroakk {holy, Will+ Int+4}
   (You found it in a sewer)

   Int+4:     It affects your intelligence (+4).
   Will+:     It increases your willpower.
Missiles
 o - 4 silver javelins
 y - 28 poisoned darts (quivered)
 D - 9 curare-tipped darts
Armour
 h - +0 swamp dragon scales (worn)
 v - a +2 hat (worn)
 A - the +1 cloak of the Hippogriff (worn) {+Inv rElec rN+++ Str-4}
   (You found it on level 3 of the Lair of Beasts)

   Str-4:     It affects your strength (-4).
   rElec:     It insulates you from electricity.
   rN+++:     It renders you almost immune to negative energy.
   +Inv:      It lets you turn invisible.
 N - a +0 pair of boots (worn)
 O - a +0 kite shield (worn)
 R - a +2 pair of gloves (worn)
Jewellery
 f - a +4 ring of protection (left hand)
 g - a ring of protection from cold
 l - a ring of resist corrosion
 u - an amulet of guardian spirit (around neck)
 K - a +6 ring of strength (right hand)
 S - a ring of fire
 Y - a ring of see invisible
Wands
 i - a wand of iceblast (11)
 z - a wand of digging (6)
 C - a wand of flame (34)
 F - a wand of paralysis (2)
 G - a wand of mindburst (6)
 I - a wand of polymorph (8)
Scrolls
 c - 3 scrolls of blinking
 e - 8 scrolls of teleportation
 m - 3 scrolls of enchant armour
 n - 5 scrolls of poison
 p - a scroll of acquirement {unknown}
 r - a scroll of butterflies {unknown}
 w - 4 scrolls of revelation
 B - 6 scrolls of amnesia
 J - 2 scrolls of fog
 P - 4 scrolls of noise
 Q - 4 scrolls of fear
 U - 2 scrolls of vulnerability
 W - a scroll of torment {unknown}
Potions
 j - 5 potions of cancellation
 k - a potion of magic
 s - 5 potions of curing
 t - a potion of resistance
 x - 3 potions of mutation
 E - 2 potions of ambrosia
 H - 2 potions of attraction
 L - 2 potions of might
 M - 3 potions of lignification
 X - a potion of haste {unknown}
Miscellaneous
 q - a tin of tremorstones (2/2)
 T - a phantom mirror


   Skills:
 + Level 12.8 Fighting
 + Level 9.8 Short Blades
 + Level 9.8 Long Blades
 + Level 9.8 Axes
 + Level 10.8 Maces & Flails
 + Level 9.8 Polearms
 + Level 9.8 Staves
 + Level 9.8 Ranged Weapons
 + Level 9.8 Throwing
 + Level 9.8 Armour
 + Level 9.8 Dodging
 + Level 10.7 Stealth
 + Level 9.8 Shields
 + Level 9.8 Unarmed Combat
 + Level 9.8 Spellcasting
 + Level 8.2 Conjurations
 + Level 8.2 Hexes
 + Level 8.2 Summonings
 + Level 8.2 Necromancy
 + Level 8.2 Translocations
 + Level 8.2 Transmutations
 + Level 8.2 Fire Magic
 + Level 8.2 Ice Magic
 + Level 8.2 Air Magic
 + Level 8.2 Earth Magic
 + Level 8.2 Poison Magic
 + Level 10.7 Invocations
 + Level 10.8 Evocations
 + Level 9.0 Shapeshifting


You had 8 spell levels left.
You knew the following spells:

 Your Spells              Type           Power      Damage    Failure   Level
a - Manifold Assault      Tloc           55%        N/A       3%          4
b - Call Canine Familiar  Summ           55%        N/A       1%          3
c - Summon Guardian Gole  Hex/Summ       55%        N/A       1%          3
d - Animate Dead          Necr           55%        N/A       3%          4
e - Tukima's Dance        Hex            55%        N/A       1%          3
f - Passage of Golubria   Tloc           55%        N/A       3%          4
g - Blink                 Tloc           100%       N/A       1%          2
h - Summon Small Mammal   Summ           100%       N/A       1%          1

Your spell library contained the following spells:

 Spells                   Type           Power      Damage    Failure   Level
 Apportation              Tloc           100%       N/A       1%          1
 Ensorcelled Hibernation  Hex/Ice        100%       N/A       1%          2
 Jinxbite                 Hex            100%       N/A       1%          2
 Poisonous Vapours        Pois/Air       100%       N/A       1%          2
 Ozocubu's Armour         Ice            55%        N/A       1%          3
 Anguish                  Hex/Necr       27%        N/A       3%          4
 Vhi's Electric Charge    Tloc/Air       100%       N/A       3%          4
 Alistair's Intoxication  Tmut/Pois      36%        N/A       9%          5
 Arcjolt                  Conj/Air       27%        1d37      9%          5
 Freezing Cloud           Conj/Ice/Air   27%        6-21      9%          5
 Yara's Violent Unravell  Hex/Tmut       27%        3d12      9%          5
 Haunt                    Necr/Summ      27%        N/A       95%         7
 Ozocubu's Refrigeration  Ice            27%        4d13      95%         7
 Infestation              Necr           27%        N/A       100%        8
 Maxwell's Capacitive Co  Air            27%        ∞         100%        8
 Polar Vortex             Ice            27%        12d3*     100%        9


Dungeon Overview and Level Annotations

Branches:
Dungeon (13/15)            Temple (1/1) D:7            Lair (5/5) D:10
  Swamp (0/4) Lair:3       Spider (0/4) Lair:2        Slime (0/5) Lair:5
    Orc (0/2) D:11         Vaults (0/5) D:13          Sewer (visited)
  IceCv (visited)

Altars:
Ashenzari
Cheibriados
Dithmenos
Elyvilon
Fedhas
Gozag
Hepliaklqana
Kikubaaqudgha
Makhleb
Nemelex Xobeh
Okawaru
Qazlal
Ru
Sif Muna
Trog
Uskayaw
Vehumet
Wu Jian
Xom
Yredelemnul
Zin
The Shining One
Jiyva

Shops:
D:7 =:   D:9 (   D:11 **   D:12 [?

Annotations:
D:5 1 runed translucent door, exclusion: door, Grinder; RazingBull's ghost, novice MiFi
D:8 3 runed translucent doors, exclusion: 3 doors, dontdoit's ghost, novice BaMo
D:9 2 transporters
Lair:3 2 transporters, Rupert; deathcow's ghost, journeyman VSGl


Innate Abilities, Weirdness & Mutations

You have very sharp teeth.
Your uncanny sense of smell can sniff out nearby items.
Your experience applies equally to all skills.


Message History

Okay, then.
Okay, then.
Okay, then.
Casting: Manifold Assault (mildly dangerous; 3% risk of failure)
Confirm with . or Enter, or press ? or * to list all spells.
You are engulfed in a cloud of scalding steam.
You block the merfolk aquamancer's attack.
Your wolf bites the merfolk aquamancer!
You block the merfolk aquamancer's attack.
Your wolf bites the merfolk aquamancer!
The merfolk aquamancer points at you and mumbles some strange words.
The ball of steam hits you!!
* * * LOW HITPOINT WARNING * * *
Your wolf bites the merfolk aquamancer.
Blink to where?
Press: ? - help, Dir - move target Splash!
You fall into the shallow water.
Moving in this stuff is going to be slow.
As you read the scroll of blinking, it crumbles to dust.
Your wolf closely misses the merfolk aquamancer.
You are confused.
You feel invigorated.
Your wolf closely misses the merfolk aquamancer.
The merfolk aquamancer is engulfed in a cloud of scalding steam.
Your wolf misses the merfolk aquamancer.
The merfolk aquamancer points at you and mumbles some strange words.
The torrent of water hits you!!
* * * LOW HITPOINT WARNING * * *
You are knocked back by the torrent of water.
Splash!
You fall into the shallow water.
Moving in this stuff is going to be slow.
The wave splashes down.
You bump into the rock wall.
You feel less invigorated.
You feel less confused.
Your wolf closely misses the merfolk aquamancer.
The merfolk aquamancer gestures at you while chanting.
The shard of ice hits you!!
You die...

####..........#
#..........#
####'####### #..#
##.## .#.....##
#..# ....~...##
##.# ....~≈...#
####'## ...≈~≈~..
#~~@~.# ≈~≈~~~...
#~~~~.#
≈≈≈~....####~~~~.#
≈≈~...§§##hm.....#
≈≈≈~..§.)).#.....#
≈~~~~~§..###.....#
~..~~≈§..# #.....#
....~~.§§# #.....#
......§.## #.....#


You could see a merfolk aquamancer (ally target) and a friendly wolf (summoned).

Vanquished Creatures
  Snorg (D:11)
  2 hydras
  A catoblepas (Lair:5)
  Erica (D:11)
  2 two-headed ogres
  A merfolk aquamancer (D:13)
  Urug (D:13)
  11 death yaks (Lair:5)
  5 skeletal warriors (D:12)
  A swamp dragon (Lair:3)
  A deep elf archer (D:13)
  3 orc knights
  A deep elf zephyrmancer (D:13)
  A lindwurm (Lair:5)
  2 deep elf pyromancers (D:13)
  2 ugly things
  3 manticores
  6 elephants (Lair:5)
  A water nymph (D:13)
  A torpor snail (Lair:4)
  6 black mambas
  15 cane toads
  Maggie (D:6)
  3 kobold demonologists
  4 yaktaurs (D:13)
  6 komodo dragons
  3 polar bears
  Prince Ribbit (D:8)
  2 hornets
  3 trolls
  18 blink frogs
  5 slime creatures (D:10)
  2 shadows
  A water elemental (D:13)
  23 yaks
  2 wraiths
  8 wyverns
  A vampire (D:12)
  5 basilisks
  3 steam dragons
  3 wargs
  A harpy simulacrum (IceCv)
  Edmund (D:6)
  An acid dragon (D:10)
  15 water moccasins
  A sky beast (D:7)
  2 ice beasts (D:7)
  11 orc warriors
  2 black bears
  9 centaurs
  10 wolves
  6 ogres
  5 kobold brigands
  2 phantoms
  7 bullfrogs
  2 scorpions (D:5)
  Blork the orc (D:6)
  A cane toad simulacrum (IceCv)
  5 wights (D:9)
  3 killer bees (D:11)
  An electric eel (Lair:3)
  2 howler monkeys
  6 jellies
  A crimson imp (D:6)
  4 hounds
  7 orc priests
  6 iguanas
  10 orc wizards
  10 adders
  7 river rats (Sewer)
  A white imp (D:3)
  2 ufetubi
  5 worms
  2 dart slugs (D:1)
  76 orcs
  6 endoplasms
  7 giant cockroaches
  7 goblins
  10 hobgoblins
  10 jackals
  10 kobolds
  6 quokkas
  22 ball pythons
  6 bats
  9 frilled lizards
  23 rats
503 creatures vanquished.

Vanquished Creatures (collateral kills)
  Gastronok (D:12)
  2 elephants (Lair:5)
  2 blink frogs (Lair:5)
  A hydra simulacrum (IceCv)
  A water moccasin (Lair:5)
  A kobold (D:11)
8 creatures vanquished.

Vanquished Creatures (others)
  A death yak (Lair:5)
  A deep troll shaman (Lair:5)
  A deep elf zephyrmancer (D:13)
  An ugly thing (IceCv)
  3 ice statues (IceCv)
  A yaktaur (D:13)
  A dire elephant simulacrum (IceCv)
  2 death yak simulacra (IceCv)
  An orc warrior (D:12)
  A centaur (D:8)
  A kobold brigand (D:13)
  2 elephant simulacra (IceCv)
  An orc priest (D:12)
  An orc wizard (D:9)
  2 polar bear simulacra (IceCv)
20 creatures vanquished.

Grand Total: 531 creatures vanquished

Notes
Turn   | Place    | Note
-------+----------+-------------------------------------------
     0 | D:1      | BarneyGumball the Gnoll Wanderer began the quest for the
                  | Orb.
     0 | D:1      | BarneyGumball set off with the following items: a +1 mace,
                  | a wand of iceblast (2), a scroll of blinking, a +0 leather
                  | armour.
     0 | D:1      | Reached XP level 1. HP: 26/26 MP: 1/1
    65 | D:1      | Reached XP level 2. HP: 25/33 MP: 2/2
   447 | D:1      | Reached XP level 3. HP: 36/38 MP: 3/3
   640 | D:1      | Found a faded altar of an unknown god.
   670 | D:1      | Reached skill level 1 in Invocations
   835 | D:2      | Reached skill level 1 in Short Blades
   835 | D:2      | Reached skill level 1 in Long Blades
   835 | D:2      | Reached skill level 1 in Axes
   835 | D:2      | Reached skill level 1 in Polearms
   835 | D:2      | Reached skill level 1 in Staves
   835 | D:2      | Reached skill level 1 in Ranged Weapons
   835 | D:2      | Reached skill level 1 in Throwing
   835 | D:2      | Reached skill level 1 in Armour
   835 | D:2      | Reached skill level 1 in Dodging
   835 | D:2      | Reached skill level 1 in Shields
   835 | D:2      | Reached skill level 1 in Unarmed Combat
   835 | D:2      | Reached skill level 1 in Spellcasting
   922 | D:2      | Reached XP level 4. HP: 45/45 MP: 5/5
   937 | D:2      | Reached skill level 1 in Shapeshifting
  1327 | D:2      | Reached skill level 1 in Conjurations
  1327 | D:2      | Reached skill level 1 in Hexes
  1327 | D:2      | Reached skill level 1 in Summonings
  1327 | D:2      | Reached skill level 1 in Necromancy
  1327 | D:2      | Reached skill level 1 in Translocations
  1327 | D:2      | Reached skill level 1 in Transmutations
  1327 | D:2      | Reached skill level 1 in Fire Magic
  1327 | D:2      | Reached skill level 1 in Ice Magic
  1327 | D:2      | Reached skill level 1 in Air Magic
  1327 | D:2      | Reached skill level 1 in Earth Magic
  1327 | D:2      | Reached skill level 1 in Poison Magic
  2021 | D:3      | Reached XP level 5. HP: 37/51 MP: 5/7
  2565 | D:4      | Noticed an ogre
  2739 | D:4      | Reached XP level 6. HP: 54/57 MP: 8/8
  2853 | D:4      | Found a glowing drain.
  2869 | Sewer    | Entered a sewer
  2957 | Sewer    | Reached skill level 5 in Maces & Flails
  2957 | Sewer    | Reached skill level 5 in Evocations
  2957 | Sewer    | HP: 2/57 [river rat (2)]
  3254 | Sewer    | Identified the +4 spear of Kashroakk {holy, Will+ Int+4}
  3418 | Sewer    | Reached XP level 7. HP: 5/63 MP: 10/10
  3687 | D:4      | Identified the staff of Qazlal, Witching {rN+ Stlth+ Necro}
  4183 | D:5      | Entered Level 5 of the Dungeon
  4219 | D:5      | Reached skill level 9 in Fighting
  4219 | D:5      | Reached skill level 5 in Stealth
  4409 | D:5      | Noticed Grinder
  4562 | D:5      | Found an iron altar of Okawaru.
  4642 | D:5      | Reached XP level 8. HP: 16/71 MP: 7/12
  5478 | D:5      | Found a runed translucent door.
  5478 | D:5      | Noticed RazingBull's ghost (novice MiFi)
  5684 | D:5      | Found a broken altar of Ashenzari.
  5947 | D:6      | Noticed Maggie
  5968 | D:6      | Killed Maggie
  6138 | D:6      | Noticed Edmund
  6185 | D:6      | Killed Edmund
  6487 | D:6      | Noticed Blork the orc
  6502 | D:6      | Reached XP level 9. HP: 77/77 MP: 14/14
  6509 | D:6      | Killed Blork the orc
  6789 | D:6      | Found a shimmering altar of Xom.
  6789 | D:6      | Found a burning altar of Makhleb.
  7203 | D:7      | Noticed a walking divine tome
  7378 | D:7      | Found Runnaede's Jewellery Shop.
  7414 | D:7      | Found Benoupho's Book Emporium.
  7414 | D:7      | Noticed a walking frostbound tome
  7420 | D:7      | Learned a level 2 spell: Blink
  7634 | D:7      | Found a staircase to the Ecumenical Temple.
  7640 | Temple   | Entered the Ecumenical Temple
  7648 | Temple   | Became a worshipper of Cheibriados the Contemplative
  8003 | D:8      | Reached skill level 5 in Invocations
  8285 | D:8      | Found a runed translucent gate.
  8285 | D:8      | Found a runed translucent gate.
  8285 | D:8      | Found a runed translucent gate.
  8286 | D:8      | Found an opulent altar of Gozag.
  8288 | D:8      | Noticed dontdoit's ghost (novice BaMo)
  8289 | D:8      | Noticed a brown ugly thing
  8310 | D:8      | Noticed Prince Ribbit
  8327 | D:8      | Killed Prince Ribbit
  8644 | D:8      | Reached * piety under Cheibriados
  9110 | D:9      | Reached XP level 10. HP: 85/85 MP: 17/17
  9208 | D:9      | Found Xuleaxt's Weapon Shop.
  9288 | D:9      | Found a transporter.
  9288 | D:9      | Noticed a manticore
  9297 | D:9      | Reached skill level 5 in Short Blades
  9297 | D:9      | Reached skill level 5 in Long Blades
  9297 | D:9      | Reached skill level 5 in Axes
  9297 | D:9      | Reached skill level 5 in Polearms
  9297 | D:9      | Reached skill level 5 in Staves
  9297 | D:9      | Reached skill level 5 in Ranged Weapons
  9297 | D:9      | Reached skill level 5 in Throwing
  9297 | D:9      | Reached skill level 5 in Armour
  9297 | D:9      | Reached skill level 5 in Dodging
  9297 | D:9      | Reached skill level 5 in Shields
  9297 | D:9      | Reached skill level 5 in Unarmed Combat
  9297 | D:9      | Reached skill level 5 in Spellcasting
  9297 | D:9      | Noticed a centaur warrior
  9297 | D:9      | Noticed a boulder beetle
  9303 | D:9      | Noticed a tengu warrior
  9307 | D:9      | Noticed a cyan ugly thing
  9317 | D:9      | Found a transporter.
  9432 | D:9      | Reached skill level 10 in Fighting
 10181 | D:10     | Entered Level 10 of the Dungeon
 10723 | D:10     | Reached skill level 5 in Shapeshifting
 10728 | D:10     | Reached ** piety under Cheibriados
 11491 | D:10     | Found a staircase to the Lair.
 12154 | D:10     | Reached XP level 11. HP: 87/92 MP: 16/19
 12343 | Lair:1   | Entered Level 1 of the Lair of Beasts
 12382 | Lair:1   | Reached skill level 5 in Conjurations
 12382 | Lair:1   | Reached skill level 5 in Hexes
 12382 | Lair:1   | Reached skill level 5 in Summonings
 12382 | Lair:1   | Reached skill level 5 in Necromancy
 12382 | Lair:1   | Reached skill level 5 in Translocations
 12382 | Lair:1   | Reached skill level 5 in Transmutations
 12382 | Lair:1   | Reached skill level 5 in Fire Magic
 12382 | Lair:1   | Reached skill level 5 in Ice Magic
 12382 | Lair:1   | Reached skill level 5 in Air Magic
 12382 | Lair:1   | Reached skill level 5 in Earth Magic
 12382 | Lair:1   | Reached skill level 5 in Poison Magic
 12724 | D:8      | Learned a level 1 spell: Summon Small Mammal
 13690 | Lair:2   | Reached *** piety under Cheibriados
 14580 | Lair:2   | Reached skill level 11 in Fighting
 14692 | Lair:2   | Reached XP level 12. HP: 87/100 MP: 18/22
 14737 | Lair:2   | Noticed a seven-headed hydra
 14751 | Lair:2   | Killed a seven-headed hydra
 14976 | Lair:2   | Found a hole to the Spider Nest.
 15185 | Lair:3   | Noticed a seven-headed hydra
 15199 | Lair:3   | Reached **** piety under Cheibriados
 15460 | Lair:3   | Identified the +1 cloak of the Hippogriff {+Inv rElec rN+++
                  | Str-4}
 15531 | Lair:3   | Found a transporter.
 15533 | Lair:3   | Noticed a death yak
 15674 | Lair:3   | Noticed deathcow's ghost (journeyman VSGl)
 15744 | Lair:3   | Found a staircase to the Swamp.
 15796 | Lair:3   | Found a transporter.
 15879 | Lair:3   | Learned a level 3 spell: Call Canine Familiar
 15883 | Lair:3   | Learned a level 3 spell: Summon Guardian Golem
 15887 | Lair:3   | Learned a level 3 spell: Tukima's Dance
 15892 | Lair:3   | Learned a level 4 spell: Passage of Golubria
 15897 | Lair:3   | Learned a level 4 spell: Manifold Assault
 15940 | Lair:3   | Noticed Rupert
 16152 | Lair:3   | Killed a seven-headed hydra
 16946 | Lair:4   | Reached ***** piety under Cheibriados
 17210 | Lair:4   | Identified the +1 long sword of a wizard's laboratory
                  | {heavy, Int+3}
 17428 | Lair:5   | Entered Level 5 of the Lair of Beasts
 17440 | Lair:5   | Noticed a death yak
 17545 | Lair:5   | Killed a death yak
 17546 | Lair:5   | Reached XP level 13. HP: 98/106 MP: 17/25
 18425 | Lair:5   | Reached skill level 12 in Fighting
 18734 | Lair:5   | Learned a level 4 spell: Animate Dead
 19053 | Lair:5   | Found a staircase to the Slime Pits.
 19078 | Lair:5   | Reached ****** piety under Cheibriados
 19086 | Lair:5   | Reached skill level 10 in Maces & Flails
 19086 | Lair:5   | Reached skill level 10 in Evocations
 19516 | Lair:5   | Found a viscous altar of Jiyva.
 19725 | Lair:5   | Reached XP level 14. HP: 115/115 MP: 25/27
 20081 | D:11     | Found Zyech's Assorted Antiques.
 20090 | D:11     | Reached skill level 10 in Stealth
 20124 | D:11     | Noticed Snorg
 20135 | D:11     | Killed Snorg
 20141 | D:11     | Bought a scroll of identify for 52 gold pieces
 20256 | D:11     | Found Ezuuk's Assorted Antiques.
 20267 | D:11     | Bought a scroll of blinking for 172 gold pieces
 20451 | D:11     | Found a staircase to the Orcish Mines.
 20509 | D:11     | Reached skill level 10 in Invocations
 20523 | D:11     | Found a frozen archway.
 20543 | IceCv    | Entered an ice cave
 21431 | IceCv    | Got the Cyclopedia of Nasty Rime
 21525 | D:11     | Noticed Erica
 21545 | D:11     | Killed Erica
 22388 | D:12     | Found Hahan's Magic Scroll Shop.
 22396 | D:12     | Bought a scroll of fear for 64 gold pieces
 22396 | D:12     | Bought a scroll of identify for 32 gold pieces
 22396 | D:12     | Bought a scroll of amnesia for 64 gold pieces
 22396 | D:12     | Bought a scroll of fog for 64 gold pieces
 22553 | D:12     | Found Woacs's Specialty Armours.
 23110 | D:12     | Noticed Gastronok
 23129 | D:12     | Killed Gastronok
 23329 | D:13     | Noticed Urug
 23548 | D:13     | Killed Urug
 23839 | D:13     | Found a gate to the Vaults.
 23977 | D:13     | Killed from afar by a merfolk aquamancer

Illustrated notes

Levels and vault maps discovered:
D:1:      matt_arrival_los_fun, layout_basic, dreamdust_ecumenical_altar_statues
D:2:      layout_rooms, chequers_serial_rivers_small_b,
          chequers_serial_rivers_marsh, minmay_tromino_v2
D:3:      layout_loops_ring, chequers_garden
D:4:      layout_loops_ring, portal_sewer_entry_a
D:5:      layout_basic, lemuel_round_altar, okawaru_gym_becter,
          gammafunk_ghost_grave, uniq_grinder
D:6:      layout_loops_ring, grunt_temple_overflow_champion_of_chaos,
          uniq_blork_the_orc, uniq_maggie, uniq_edmund
D:7:      layout_basic, minmay_temple_entry_fiery, serial_shops,
          nicolae_shop_mannequins, shop
D:8:      layout_loops_corners, special_room [special_room_orc],
          ebering_ghost_gozag, uniq_prince_ribbit1
D:9:      gammafunk_sealed_arena, layout_stronghold, serial_shops, shop
D:10:     layout_irregular_city, erik_lair_orcish_takeover
D:11:     layout_roguey, erik_orc_3, serial_shops, shop,
          nicolae_shop_overgrown_old_shop, portal_ice_cave_entry_pillars_1,
          minivault_25_ag, grunt_tough_drop, uniq_snorg, uniq_erica
D:12:     layout_long_grid, serial_shops, nicolae_shop_pleasant_corner_grove,
          nicolae_barding_shop, uniq_gastronok
D:13:     layout_roguey [special_room_orc],
          hangedman_vaults_entry_quadrant_bands, nicolae_splish_splash,
          uniq_urug
Temple:   nicolae_temple_two_arcs
Lair:1:   layout_roguey
Lair:2:   layout_cave_pods, spider_nest_entry_webs
Lair:3:   layout_hall_layers, minmay_swamp_entry_reptiles,
          gammafunk_ghost_berserking_beasts, infiniplex_staircase_pool,
          uniq_rupert
Lair:4:   layout_cave_pods, st_stairs_13
Lair:5:   grunt_lair_end_beastmaster, layout_regular_city,
          nicolae_slime_entry_field_trip

Skill      XL: |  1  2  3  4  5  6  7  8  9 10 11 12 13 14 |
---------------+-------------------------------------------+-----
Invocations    | 1 2 3 4 5 6 7 8 9 10 | 10.7
Short Blades   | 1 2 3 4 5 6 8 9 |  9.8
Long Blades    | 1 2 3 4 5 6 8 9 |  9.8
Axes           | 1 2 3 4 5 6 8 9 |  9.8
Polearms       | 1 2 3 4 5 6 8 9 |  9.8
Staves         | 1 2 3 4 5 6 8 9 |  9.8
Ranged Weapons | 1 2 3 4 5 6 8 9 |  9.8
Throwing       | 1 2 3 4 5 6 8 9 |  9.8
Armour         | 1 2 3 4 5 6 8 9 |  9.8
Dodging        | 1 2 3 4 5 6 8 9 |  9.8
Shields        | 1 2 3 4 5 6 8 9 |  9.8
Unarmed Combat | 1 2 3 4 5 6 8 9 |  9.8
Spellcasting   | 1 2 3 4 5 6 8 9 |  9.8
Shapeshifting  | 1 2 3 4 5 6 7 8 9 |  9.0
Conjurations   | 1 2 3 4 5 6 7 8 |  8.2
Hexes          | 1 2 3 4 5 6 7 8 |  8.2
Summonings     | 1 2 3 4 5 6 7 8 |  8.2
Necromancy     | 1 2 3 4 5 6 7 8 |  8.2
Translocations | 1 2 3 4 5 6 7 8 |  8.2
Transmutations | 1 2 3 4 5 6 7 8 |  8.2
Fire Magic     | 1 2 3 4 5 6 7 8 |  8.2
Ice Magic      | 1 2 3 4 5 6 7 8 |  8.2
Air Magic      | 1 2 3 4 5 6 7 8 |  8.2
Earth Magic    | 1 2 3 4 5 6 7 8 |  8.2
Poison Magic   | 1 2 3 4 5 6 7 8 |  8.2
Maces & Flails | 5 6 7 8 9 10 | 10.8
Evocations     | 5 6 7 8 9 10 | 10.8
Fighting       | 9 10 11 12 | 12.8
Stealth        | 5 6 7 8 9 10 | 10.7

Action                     |  1- 3 |  4- 6 |  7- 9 | 10-12 | 13-15 || total
---------------------------+-------+-------+-------+-------+-------++-------
  Melee: Mace              |   105 |   247 |       |       |       ||   352
         Bite              |     1 |    25 |    63 |   130 |   142 ||   361
         Punch             |     1 |     4 |    17 |    11 |       ||    33
         Spear             |       |    38 |   505 |   325 |   149 ||  1017
         Staff             |       |       |       |   565 |   498 ||  1063
         War axe           |       |       |       |       |    96 ||    96
         Scimitar          |       |       |       |       |    72 ||    72
   Fire: Sling             |       |    62 |    15 |    13 |       ||    90
  Throw: Dart              |       |       |     5 |   122 |    62 ||   189
         Javelin           |       |       |       |    12 |       ||    12
   Cast: Manifold Assault  |       |       |       |     3 |    24 ||    27
         Summon Guardian G |       |       |       |     2 |    33 ||    35
         Call Canine Famil |       |       |       |     2 |    35 ||    37
         Passage of Golubr |       |       |       |       |     1 ||     1
         Animate Dead      |       |       |       |       |     5 ||     5
 Invoke: Bend Time         |       |       |       |     1 |       ||     1
         Slouch            |       |       |       |       |     2 ||     2
  Evoke: Wand              |       |       |       |    14 |    11 ||    25
    Use: Potion            |       |     4 |     1 |       |     3 ||     8
         Scroll            |       |     3 |     9 |     4 |    11 ||    27
   Stab: Sleeping          |     7 |     8 |     9 |    12 |    10 ||    46
         Distracted        |       |       |     1 |     2 |     5 ||     8
         Paralysed         |       |       |       |     6 |       ||     6
         Petrified         |       |       |       |       |    12 ||    12
         Petrifying        |       |       |       |       |     1 ||     1
 Armour: Leather armour    |    62 |   263 |    90 |       |       ||   415
         Swamp dragon scal |       |       |   202 |   450 |   340 ||   992
  Dodge: Dodged            |    68 |   259 |   225 |   367 |   332 ||  1251
  Block: Kite shield       |       |       |       |   274 |   420 ||   694

Table legend: (Time is in decaauts)
 A = Elapsed time spent in this place.
 B = Non-inter-level travel time spent in this place.
 C = Inter-level travel time spent in this place.
 D = Time resting spent in this place.
 E = Time spent auto-exploring this place.
 F = Levels seen in this place.
 G = Mean time per level.
                   A        B        C        D        E       F      G
               +--------+--------+--------+--------+--------+-----+--------+
         Total |  29458 |  27758 |   1700 |   2125 |  19561 |  21 | 1402.8 |
       Dungeon |  17505 |  16274 |   1231 |   1034 |  11928 |  13 | 1346.5 |
        Temple |     18 |     11 |      7 |      0 |      0 |   1 |   18.0 |
          Lair |  10069 |   9608 |    461 |    253 |   7317 |   5 | 2013.8 |
         Sewer |    803 |    803 |      0 |    184 |    316 |   1 |  803.0 |
      Ice Cave |   1061 |   1061 |      0 |    653 |      0 |   1 | 1061.0 |
               +--------+--------+--------+--------+--------+-----+--------+

Top non-repeatable levels by time:
  Lair:5: 3288 daAuts
    D:10: 2575 daAuts
    D:12: 2073 daAuts
  Lair:2: 2010 daAuts
     D:8: 1754 daAuts
  Lair:4: 1750 daAuts
  Lair:3: 1705 daAuts
     D:5: 1511 daAuts
     D:9: 1455 daAuts
    D:11: 1447 daAuts
  Lair:1: 1315 daAuts
     D:6: 1190 daAuts
     D:4: 1187 daAuts
     D:3: 1143 daAuts
   IceCv: 1061 daAuts
